Map: Thunderbird LE

Players

Neeb

  • Race: Protoss Protoss
  • Spawn Location: 11:00

Rogue - Winner!

  • Race: Zerg Zerg
  • Spawn Location: 5:00

Event: 2019 WCS Global FInals

VOD

https://www.youtube.com/watch?v=KvtCI-Sne0k&t=32m33s

Description

Time

  • Played on: Oct. 27, 2019, 12:35 a.m.
  • Length: 14:05

All games in this series

Show
View Real Time Build Order
Export as new Build Order

Neeb Protoss 

Build Orders: 1 Gate Expand, Oracle Opening, Phoenix Opening, Archon Immortal 

Get SALT Encoding   

  12  0:00  Probe  
  13  0:12  Probe  
  14  0:17  Pylon  
  14  0:24  Probe (Chrono Boost)  
  15  0:36  Probe (Chrono Boost)  
  15  0:38  Gateway  
  16  0:44  Probe (Chrono Boost)  
  16  0:46  Assimilator  
  17  0:51  Probe  
  18  1:03  Probe  
  19  1:15  Probe  
  20  1:23  Nexus  
  20  1:35  Probe, Cybernetics Core  
  21  1:40  Assimilator  
  21  1:47  Probe  
  21  1:51  Pylon  
  22  2:00  Probe (Chrono Boost)  
  23  2:09  Adept (Chrono Boost)  
  23  2:11  Probe (Chrono Boost)  
  26  2:15  Probe (Chrono Boost)  
  26  2:20  Stargate  
  27  2:27  Probe (Chrono Boost)  
  28  2:31  Adept  
  28  2:34  Warp Gate  
  28  2:35  Probe (Chrono Boost)  
  31  2:44  Probe x2 (Chrono Boost)  
  33  2:49  Probe (Chrono Boost)  
  33  2:50  Probe  
  35  3:01  Probe, Adept  
  35  3:02  Probe  
  35  3:04  Oracle (Chrono Boost)  
  39  3:11  Pylon  
  42  3:13  Probe  
  42  3:14  Probe  
  44  3:26  Probe x2  
  46  3:33  Phoenix (Chrono Boost)  
  48  3:38  Probe x2  
  48  3:39  Nexus  
  50  3:43  Pylon  
  50  3:50  Probe  
  50  3:51  Probe  
  50  3:52  Assimilator  
  50  3:54  Assimilator  
  52  4:00  Oracle (Chrono Boost)  
  52  4:02  Probe  
  56  4:04  Probe  
  56  4:06  Pylon  
  57  4:12  Robotics Facility  
  57  4:14  Probe  
  57  4:16  Probe  
  59  4:23  Gateway  
  59  4:24  Gateway  
  59  4:26  Probe  
  59  4:28  Probe, Sentry  
  63  4:38  Probe  
  63  4:41  Probe  
  63  4:42  Forge  
  63  4:43  Twilight Council  
  65  4:50  Probe (Chrono Boost)  
  65  4:51  Probe (Chrono Boost)  
  65  4:52  Assimilator, Sentry  
  69  4:53  Probe (Chrono Boost)  
  69  4:57  Assimilator  
  71  5:01  Immortal (Chrono Boost), Probe (Chrono Boost)  
  71  5:03  Probe (Chrono Boost)  
  71  5:04  Probe (Chrono Boost)  
  71  5:06  Probe (Chrono Boost)  
  77  5:08  Probe  
  77  5:13  Probe  
  80  5:17  Probe, Sentry  
  80  5:20  Probe, Charge  
  84  5:21  Protoss Ground Weapons Level 1 (Chrono Boost)  
  84  5:25  Probe  
  84  5:26  Pylon  
  85  5:30  Pylon  
  85  5:34  Pylon  
  85  5:43  Observer (Chrono Boost)  
  85  5:44  Probe x3  
  85  5:49  Gateway  
  89  5:52  Gateway  
  89  5:54  Gateway  
  89  5:55  Dark Shrine  
  89  5:56  Probe x3  
  92  6:00  Immortal (Chrono Boost)  
  98  6:15  Gateway  
  96  6:19  Gateway  
  96  6:20  Gateway  
  96  6:22  Pylon  
  96  6:28  Gateway  
  96  6:31  Stalker x3, Pylon  
  102  6:33  Immortal  
  102  6:36  Shield Battery  
  102  6:37  Shield Battery  
  102  6:39  Pylon  
  106  6:49  Blink  
  106  6:50  Stalker x3  
  112  6:59  Shield Battery  
  112  7:03  Shield Battery  
  112  7:04  Shield Battery  
  112  7:10  Stalker x3  
  112  7:13  Zealot  
  112  7:14  Zealot x4  
  128  7:19  Probe  
  129  7:26  Pylon  
  129  7:27  Pylon, Protoss Ground Weapons Level 2 (Chrono Boost)  
  133  7:37  Pylon  
  133  7:38  Pylon  
  133  7:41  Pylon  
  133  7:45  Dark Templar x4  
  133  7:51  Dark Templar  
  143  7:52  Dark Templar  
  141  8:00  Robotics Facility  
  141  8:02  Dark Templar, Stalker  
  141  8:03  Stalker  
  141  8:05  Archon  
  141  8:18  Photon Cannon  
  141  8:20  Stalker x2  
  141  8:21  Stalker x2  
  149  8:28  Archon x2  
  149  8:32  Dark Templar x3  
  155  8:34  Nexus  
  155  8:36  Pylon  
  155  8:37  Archon  
  155  8:41  Pylon  
  155  8:43  Pylon  
  155  8:44  Pylon  
  155  8:48  Cybernetics Core  
  149  8:53  Dark Templar  
  143  9:06  Warp Prism (Chrono Boost), Pylon  
  143  9:08  Dark Templar x4, Zealot x3  
  149  9:11  Probe  
  149  9:15  Archon x2  
  147  9:26  Stalker  
  141  9:32  Stalker x3  
  141  9:35  Immortal  
  141  9:38  Probe  
  142  9:44  Stalker x3  
  142  9:56  Gateway  
  142  9:58  Gateway  
  142  9:59  Gateway  
  142  10:06  Stalker x3  
  142  10:15  Stalker x3  
  135  10:32  Stalker x3  
  135  10:35  Immortal  
  141  10:50  Stalker x4  
  130  11:08  Stalker x5  
  128  11:11  Immortal (Chrono Boost)  
  128  11:13  Stalker x2  
  128  11:14  Stalker  
  128  11:26  Stalker  
  128  11:36  Stalker x5  
  126  11:46  Stalker x2  
  126  11:47  Stalker  
  122  11:57  Zealot  
  122  11:59  Zealot x3  
  129  12:09  Dark Templar x2  
  129  12:14  Dark Templar  
  135  12:15  Dark Templar  
  135  12:19  Observer (Chrono Boost)  
  135  12:20  Archon  
  138  12:26  Sentry x3  
  138  12:27  Sentry  
  136  12:43  Stalker x3  
  136  12:47  Immortal  
  140  12:53  Stalker x2  
  140  12:54  Stalker  
  146  13:03  Stalker x2  
  128  13:21  Stalker x4  
  128  13:25  Stalker  
  125  13:42  Zealot x2  
  129  13:49  Sentry x2  
  129  13:50  Sentry x2  
Show
View Real Time Build Order
Export as new Build Order

Rogue Zerg - Winner!

Build Orders: Hatch First, Swarm Host 

Get SALT Encoding   

  12  0:00  Drone  
  13  0:12  Overlord  
  13  0:16  Drone  
  14  0:30  Drone x2  
  16  0:47  Hatchery  
  15  0:50  Drone  
  15  0:54  Drone  
  17  0:57  Drone  
  18  1:07  Extractor  
  17  1:12  Spawning Pool  
  17  1:15  Drone  
  17  1:18  Drone  
  18  1:29  Drone  
  19  1:39  Drone  
  20  1:46  Hatchery  
  19  1:50  Drone  
  20  1:58  Queen  
  22  2:01  Drone  
  22  2:05  Drone  
  24  2:14  Queen  
  26  2:19  Overlord  
  26  2:23  Drone  
  26  2:25  Drone  
  28  2:30  Metabolic Boost  
  28  2:38  Zergling x4  
  28  2:40  Drone  
  28  2:43  Drone  
  28  2:44  Drone  
  33  2:49  Queen  
  35  2:53  Drone  
  36  2:59  Queen  
  36  3:04  Overlord  
  38  3:07  Zergling x2  
  38  3:10  Zergling x2  
  41  3:12  Drone  
  41  3:13  Drone  
  42  3:23  Drone x2  
  42  3:24  Drone x4  
  48  3:29  Drone x2  
  48  3:30  Pneumatized Carapace  
  50  3:35  Overlord  
  50  3:39  Spore Crawler  
  49  3:41  Drone  
  49  3:46  Overlord  
  50  3:55  Spore Crawler  
  49  3:57  Drone  
  49  3:58  Drone x6  
  49  4:02  Drone x2  
  58  4:04  Overlord  
  58  4:09  Overlord  
  58  4:10  Drone x2  
  58  4:12  Drone  
  58  4:16  Lair  
  61  4:18  Extractor  
  61  4:19  Spore Crawler  
  59  4:24  Drone  
  59  4:25  Drone x3  
  59  4:27  Drone  
  64  4:31  Overlord  
  64  4:33  Extractor  
  64  4:34  Drone x2, Extractor  
  64  4:35  Drone x2  
  64  4:36  Drone  
  67  4:39  Drone x2  
  67  4:40  Drone  
  67  4:41  Drone  
  67  4:45  Drone x2  
  73  4:51  Extractor x2  
  73  4:52  Evolution Chamber  
  70  4:54  Spore Crawler  
  70  4:55  Roach Warren  
  70  4:57  Drone x3  
  71  5:04  Drone x3  
  74  5:08  Overlord  
  74  5:13  Drone  
  74  5:16  Overlord  
  74  5:21  Overlord  
  74  5:22  Overlord  
  74  5:25  Queen  
  74  5:27  Overlord  
  76  5:29  Drone  
  76  5:30  Drone x5  
  76  5:34  Overlord, Infestation Pit  
  78  5:45  Drone x2  
  78  5:46  Drone  
  78  5:47  Drone  
  82  5:51  Zerg Missile Weapons Level 1  
  82  5:55  Glial Reconstitution  
  82  6:01  Nydus Network  
  82  6:02  Drone  
  82  6:09  Swarm Host  
  82  6:10  Swarm Host x8  
  109  6:13  Overlord x2  
  109  6:25  Overlord x2  
  109  6:28  Hatchery  
  109  6:30  Roach x3  
  114  6:37  Nydus Canal  
  114  6:43  Roach  
  114  6:44  Roach x7  
  114  6:45  Overlord  
  130  6:48  Roach x2  
  130  6:51  Ravager x2  
  138  6:54  Roach  
  138  7:01  Overlord  
  138  7:03  Overlord x2  
  138  7:05  Nydus Canal  
  138  7:06  Overlord  
  138  7:14  Swarm Host  
  141  7:17  Overlord x2, Roach x2  
  141  7:18  Overlord  
  141  7:22  Nydus Canal, Hatchery  
  141  7:24  Roach x2  
  141  7:27  Roach x2  
  141  7:29  Ravager  
  153  7:30  Ravager x4  
  153  7:34  Roach  
  153  7:35  Roach x2  
  153  7:36  Drone x2  
  161  7:43  Roach x4  
  169  7:46  Nydus Canal  
  171  7:51  Roach x4  
  171  7:52  Zergling x2  
  175  7:59  Zergling x2  
  175  8:01  Nydus Canal, Roach x2  
  175  8:02  Overseer  
  177  8:08  Roach  
  177  8:09  Roach x6  
  177  8:10  Drone  
  192  8:14  Overseer  
  192  8:22  Ravager, Spine Crawler  
  192  8:24  Overlord, Nydus Canal  
  192  8:31  Overlord  
  192  8:34  Overlord  
  192  8:35  Zerg Missile Weapons Level 2  
  192  8:38  Burrow, Nydus Canal  
  192  8:44  Zergling x14  
  192  8:46  Zergling x2  
  197  8:52  Roach x2  
  199  9:01  Zergling x2  
  199  9:02  Zergling x4  
  199  9:05  Tunneling Claws  
  199  9:08  Roach x9  
  197  9:10  Roach  
  197  9:11  Roach  
  197  9:15  Zergling x2  
  197  9:16  Nydus Canal  
  190  9:26  Overseer  
  190  9:28  Roach x5  
  190  9:30  Roach  
  192  9:33  Roach  
  192  9:34  Roach  
  196  9:38  Nydus Canal  
  196  9:41  Roach  
  196  9:42  Overseer  
  186  9:52  Roach x2  
  199  9:53  Roach x7  
  199  9:58  Hydralisk Den, Ravager  
  199  9:59  Ravager  
  195  10:08  Zergling x10  
  195  10:09  Overseer x3, Zergling x4  
  198  10:14  Nydus Canal  
  198  10:17  Roach x4  
  198  10:19  Drone, Extractor  
  189  10:23  Roach  
  189  10:24  Roach x3  
  189  10:25  Zergling x4  
  189  10:28  Zergling x2  
  187  10:31  Roach x4  
  187  10:32  Roach  
  193  10:36  Zergling x2  
  193  10:38  Nydus Canal  
  193  10:42  Roach x3  
  198  10:43  Roach x2  
  193  10:51  Overlord  
  193  10:54  Overlord  
  193  10:56  Roach x3  
  196  11:00  Roach x3  
  176  11:06  Roach x9  
  176  11:07  Nydus Canal, Roach  
  190  11:16  Roach  
  186  11:19  Roach x6  
  186  11:21  Nydus Canal, Zergling x4  
  193  11:33  Roach  
  193  11:34  Roach x2  
  193  11:35  Nydus Canal  
  193  11:38  Roach  
  193  11:39  Roach x8  
  188  11:41  Roach x2  
  188  11:45  Roach  
  190  11:47  Roach x5  
  190  11:50  Roach x2  
  195  11:54  Roach  
  195  11:55  Nydus Canal  
  195  12:05  Roach  
  195  12:06  Roach  
  195  12:08  Roach  
  198  12:09  Roach x3  
  198  12:12  Zergling x4  
  198  12:13  Hatchery  
  195  12:16  Roach x2  
  195  12:17  Ravager  
  195  12:20  Roach x3  
  200  12:28  Nydus Canal  
  200  12:34  Zergling x2  
  200  12:35  Zergling x4  
  200  12:36  Zergling x4  
  200  12:41  Roach  
  200  12:43  Grooved Spines  
  200  12:44  Lurker Den  
  195  12:47  Ravager  
  195  12:48  Ravager x4  
  198  12:53  Nydus Canal  
  198  12:56  Extractor  
  195  13:04  Zergling x14  
  200  13:08  Infestation Pit  
  200  13:09  Drone  
  197  13:14  Overseer  
  197  13:17  Overlord  
  197  13:18  Overlord x2  
  174  13:23  Roach  
  174  13:26  Roach x6  
  162  13:27  Roach x10  
  162  13:29  Roach  
  181  13:36  Zergling x2  
  181  13:38  Nydus Canal  
  181  13:39  Roach  
  181  13:40  Ravager  
  181  13:41  Ravager x4  
  189  13:43  Zergling x12  
  189  13:46  Zergling x6  
  200  13:51  Overseer  
  200  13:52  Nydus Canal  
Tags
 
Add a new tag
Caveats
  • Supply blocks, unpowered buildings, or Contaminate may cause inaccurate times.
  • Supply counts are checked every 10 seconds.